 Dungeon Crawl Stone Soup version 0.25-a0-378-gd2ca0b7745 (webtiles) character file.

Game seed: 2635887774330849935, levelgen mode: deterministic

333 PentaManta the Grave Robber (level 6, -1/41 HPs)
             Began as a Mummy Necromancer on Jan 7, 2020.
             Slain by a jackal (2 damage)
             ... on level 4 of the Dungeon.
             The game lasted 00:11:47 (3604 turns).

PentaManta the Grave Robber (Mummy Necromancer)     Turns: 3604, Time: 00:11:48

Health: -1/41      AC:  3    Str: 11    XL:     6   Next: 27%
Magic:  15/15      EV: 12    Int: 16    God:
Gold:   139        SH:  0    Dex: 15    Spells: 3/17 levels left

rFire    x . .     SeeInvis .   c - +0 dagger
rCold    + . .     Gourm    .   (no shield)
rNeg     + + +     Faith    .   a - +0 robe
rPois    ∞         Spirit   .   n - +0 helmet
rElec    .         Reflect  .   (no cloak)
rCorr    .         Harm     .   (no gloves)
MR       .....                  (no boots)
Stlth    ++........             (no amulet)
HPRegen  0.13/turn              e - ring of wizardry
MPRegen  0.14/turn              h - +2 ring of dexterity

@: no status effects
A: no food or potions, fire vulnerability, cold resistance 1, negative energy
resistance 3, torment resistance, unbreathing
a: no special abilities


You were on level 4 of the Dungeon.
You were not hungry.

You visited 1 branch of the dungeon, and saw 4 of its levels.

You collected 139 gold pieces.

Inventory:

Hand Weapons
 c - a +0 dagger (weapon)
 j - a +0 hunting sling
Missiles
 k - 79 stones (quivered)
Armour
 a - a +0 robe (worn)
 n - a +0 helmet (worn)
Jewellery
 e - a ring of wizardry (left hand)
 h - a +2 ring of dexterity (right hand)
Scrolls
 b - a scroll of fog {unknown}
 d - a scroll of teleportation
 g - 4 scrolls of identify {unknown}
 i - a scroll of enchant armour {unknown}
 l - 5 scrolls of remove curse {unknown}
 m - a scroll of blinking {unknown}


   Skills:
 - Level 1.5 Dodging
 - Level 1.5 Stealth
 + Level 6.0 Spellcasting
 + Level 6.0 Necromancy


You had 3 spell levels left.
You knew the following spells:

 Your Spells              Type           Power        Failure   Level  Hunger
a - Pain                  Necr           ###.         1%          1    N/A
b - Animate Skeleton      Necr           N/A          1%          1    N/A
c - Vampiric Draining     Necr           ###.......   1%          3    N/A
d - Animate Dead          Necr           N/A          4%          4    N/A
e - Agony                 Necr           ###.....     12%         5    N/A

Your spell library contained the following spells:

 Spells                   Type           Power        Failure   Level  Hunger


Dungeon Overview and Level Annotations

Branches:
Dungeon (4/15)
 Temple: D:4-7

Altars:
Fedhas
Gozag
Nemelex Xobeh
Qazlal
Ru
Sif Muna
Uskayaw

Annotations:
D:4 Grinder


Innate Abilities, Weirdness & Mutations

You do not eat or drink.
Your flesh is vulnerable to fire.
You are immune to poison.
Your flesh is cold resistant. (rC+)
You are immune to negative energy. (rN+++)
You are immune to unholy pain and torment.
You can survive without breathing.


Message History

The jackal stops to sniff the ground.
The jackal bites you but does no damage.
The jackal misses you. The jackal barely misses you.
The jackal bites you but does no damage.
The jackal barely misses you. The jackal closely misses you.
The jackal completely misses you. The jackal misses you.
The jackal closely misses you.
Unknown command.
The jackal closely misses you. The jackal barely misses you.
The jackal bites you.
* * * LOW HITPOINT WARNING * * *
The jackal barely misses you. The jackal closely misses you.
The jackal bites you but does no damage.
The jackal bites you.
* * * LOW HITPOINT WARNING * * *
The jackal barely misses you. x2
The jackal bites you but does no damage.
The jackal bites you.
You die...

......# #.#.#
##...## #.#.#
#...## #.#.#
#####.# #.#.#
####.## #.#$#
.##.## ##.#.####
.#..# #.......#
.##5# #..#.##.#
###.#
#@h#.##.########
# #.#
#hh#.....†.....#
#.#
.h.####.######.#
#...# ##.## #.#
.....# #.. ..#
.....# ### ####
#..### #.. #..


You could see 4 jackals.

Vanquished Creatures
  Sigmund (D:3)
  An orc priest (D:3)
  Terence (D:3)
  A worker ant (D:4)
  Robin (D:3)
  An adder (D:3)
  2 worms (D:2)
  A dart slug (D:1)
  2 leopard geckos (D:2)
  3 orcs (D:3)
  A giant cockroach (D:4)
  17 goblins
  8 hobgoblins
  A ball python (D:2)
  3 bats
  11 kobolds
  6 rats
61 creatures vanquished.

Notes
Turn   | Place    | Note
-------+----------+-------------------------------------------
     0 | D:1      | PentaManta the Mummy Necromancer began the quest for the
                  | Orb.
     0 | D:1      | Reached XP level 1. HP: 13/13 MP: 4/4
     2 | D:1      | Learned a level 1 spell: Animate Skeleton
   377 | D:1      | Reached XP level 2. HP: 19/19 MP: 1/6
   784 | D:2      | Found a sparkling altar of Nemelex Xobeh.
   784 | D:2      | Found a stormy altar of Qazlal.
   784 | D:2      | Found an opulent altar of Gozag.
   784 | D:2      | Found a shimmering blue altar of Sif Muna.
   784 | D:2      | Found a blossoming altar of Fedhas.
   923 | D:2      | Reached XP level 3. HP: 23/24 MP: 1/8
  1168 | D:2      | Learned a level 3 spell: Vampiric Draining
  2327 | D:3      | Noticed Terence
  2333 | D:3      | Killed Terence
  2333 | D:3      | Reached skill level 5 in Necromancy
  2333 | D:3      | Reached XP level 4. HP: 30/30 MP: 3/10
  2451 | D:3      | Noticed Sigmund
  2469 | D:3      | Killed Sigmund
  2469 | D:3      | Reached skill level 5 in Spellcasting
  2469 | D:3      | Reached XP level 5. HP: 23/35 MP: 4/13
  2477 | D:3      | Learned a level 4 spell: Animate Dead
  2483 | D:3      | Learned a level 5 spell: Agony
  2556 | D:3      | Noticed Robin
  2622 | D:3      | Killed Robin
  2622 | D:3      | Reached XP level 6. HP: 41/41 MP: 7/14
  3315 | D:4      | Found a hide-covered altar of Uskayaw.
  3326 | D:4      | Found a sacrificial altar of Ru.
  3363 | D:4      | Noticed Grinder
  3366 | D:4      | Paralysed by Grinder for 7 turns
  3380 | D:4      | HP: 1/41 [Grinder (8)]
  3599 | D:4      | HP: 2/41 [jackal (3)]
  3604 | D:4      | Slain by a jackal

Levels and vault maps discovered:
D:1:      ebering_trefoil_twist, layout_loops_corners
D:2:      layout_basic, grunt_temple_overflow_open
D:3:      layout_basic, first_ration, uniq_terence, uniq_robin, uniq_sigmund
D:4:      layout_loops_ring, nicolae_ru_awakened_eye, lemuel_round_altar,
          gammafunk_ghost_cemetery, minmay_vboxes, uniq_grinder, uniq_duvessa

Skill      XL: |  1  2  3  4  5  6 |
---------------+-------------------+-----
Spellcasting   | 3 4 5 6 |  6.0
Necromancy     | 5 6 |  6.0
Dodging        | |  1.5
Stealth        | |  1.5

Action                   |  1- 3 |  4- 6 || total
-------------------------+-------+-------++-------
Melee: Dagger            |     2 |       ||     2
 Fire: Hunting sling     |     2 |       ||     2
Throw: Stone             |     1 |       ||     1
 Cast: Pain              |    73 |    56 ||   129
       Animate Skeleton  |     2 |       ||     2
       Animate Dead      |       |     1 ||     1
  Use: Scroll            |       |     3 ||     3
 Stab: Sleeping          |     1 |       ||     1
Armor: Robe              |     5 |    21 ||    26
Dodge: Dodged            |    21 |    59 ||    80

Table legend:
 A = Non-vault XP
 B = Vault XP
 C = Vault XP percentage of total XP
 D = Non-vault monster count
 E = Vault monster count
 F = Vault count percentage of total count
                 A         B        C        D         E       F
            +---------+---------+-------+---------+---------+-------
      Total |     173 |     304 |  63.7 |      47 |      14 |  23.0
            +---------+---------+-------+---------+---------+-------
        D:1 |      26 |       0 |   0.0 |      15 |       0 |   0.0
        D:2 |      41 |       0 |   0.0 |      19 |       0 |   0.0
        D:3 |      71 |     304 |  81.1 |      11 |      14 |  56.0
        D:4 |      35 |       0 |   0.0 |       2 |       0 |   0.0
            +---------+---------+-------+---------+---------+-------
